 Dungeon Crawl Stone Soup version 0.18.1-50-g88ac8fd (webtiles) character file.

511 wolfsongas the Ducker (level 6, -1/61 HPs)
             Began as a Troll Fighter on Apr 28, 2017.
             Slain by a centaur (5 damage)
             ... on level 5 of the Dungeon.
             The game lasted 00:24:20 (2006 turns).

wolfsongas the Ducker (Troll Fighter)               Turns: 2006, Time: 00:24:20

Health: -1/61      AC:  5    Str: 27    XL:     6   Next: 99%
Magic:  5/5        EV:  9    Int:  4    God:
Gold:   95         SH:  9    Dex:  9    Spells: 0 memorised, 5 levels left

rFire  . . .     SeeInvis .       - Unarmed
rCold  . . .     Gourm    +     a - +0 robe
rNeg   . . .     Faith    .     b - +0 shield
rPois  .         Spirit   .     (helmet restricted)
rElec  .         Dismiss  .     (no cloak)
rCorr  .         Reflect  .     (gloves unavailable)
SustAt .         Harm     .     (boots unavailable)
MR     .....                    (no amulet)
Stlth  +.........               (no ring)
                                (no ring)

@: not resistant to hostile enchantments, very unstealthy
A: unfitting armour, claws 3, fast metabolism 3, gourmand, regeneration 2,
shaggy fur 1, tough skin 2
a: no special abilities


You were on level 5 of the Dungeon.
You were not hungry.

You visited 1 branch of the dungeon, and saw 5 of its levels.

You collected 95 gold pieces.

Inventory:

Hand Weapons
 f - a +0 hand axe
 h - a +0 short sword
 l - a +0 mace
 n - a +0 hand axe
 o - a +0 giant club
Missiles
 j - 41 arrows
Armour
 a - a +0 robe (worn)
 b - a +0 shield (worn)
 g - a +0 chain mail
 m - a +0 pair of boots
Scrolls
 e - a scroll of remove curse
 i - a scroll of noise
Comestibles
 d - 2 bread rations
 k - a chunk of flesh


   Skills:
 + Level 3.5 Fighting
 + Level 4.6 Dodging
 + Level 0.4 Stealth
 + Level 3.8 Shields
 + Level 3.2 Unarmed Combat


You had 5 spell levels left.
You didn't know any spells.

Dungeon Overview and Level Annotations

Branches:
Dungeon (5/15)
 Temple: D:4-7

Altars:
Ashenzari

Shops:
D:4 %


Innate Abilities, Weirdness & Mutations

You are too large for most types of armour.
You have claws for hands.
Your metabolism is lightning-fast.
You like to eat raw meat.
You heal very quickly.
You are covered in fur (AC +1).
You have very tough skin (AC +2).


Message History

Your surroundings suddenly seem different.
A centaur comes into view.
The centaur shouts!
You block the centaur's attack. The centaur hits you.
* * * LOW HITPOINT WARNING * * *
The centaur hits you.
* * * LOW HITPOINT WARNING * * *
You claw the centaur!
The centaur is heavily wounded.
The centaur hits you but does no damage.
You block the centaur's attack.
You scratch the centaur but do no damage.
The centaur is heavily wounded.
The centaur hits you.
* * * LOW HITPOINT WARNING * * *
An ogre comes into view. It is wielding a giant club.
You claw the centaur!
The centaur is almost dead.
You block the centaur's attack. The centaur hits you.
You die...

#.#
.#..#
....
.O#
#.#
#.#
#.##
#.c##
#.@.#
###.#
.# ##


You could see an ogre and a centaur.

Vanquished Creatures
  Duvessa (D:5)
  An ogre (D:4)
  Dowan (D:5)
  An orc wizard (D:4)
  An iguana (D:4)
  Natasha (twice) (D:3 D:4)
  2 worker ants (D:4)
  9 adders
  A dart slug (D:3)
  2 giant geckos
  A ball python (D:1)
  2 giant cockroaches
  3 goblins
  4 hobgoblins
  3 jackals (D:4)
  2 quokkas (D:3)
  3 bats
  A giant newt (D:1)
  6 rats
46 creatures vanquished.

Notes
Turn   | Place    | Note
--------------------------------------------------------------
     0 | D:1      | wolfsongas the Troll Fighter began the quest for the Orb.
     0 | D:1      | Reached XP level 1. HP: 22/22 MP: 0/0
   270 | D:1      | Reached XP level 2. HP: 28/29 MP: 1/1
   754 | D:2      | Found a shattered altar of Ashenzari.
   819 | D:2      | Paralysed by fainting for 11 turns
  1189 | D:3      | Reached skill level 3 in Dodging
  1189 | D:3      | Reached XP level 3. HP: 36/36 MP: 2/2
  1234 | D:3      | Noticed Natasha
  1241 | D:3      | Killed Natasha
  1372 | D:3      | Reached XP level 4. HP: 44/44 MP: 3/3
  1701 | D:4      | Found Evu Notu's Food Boutique.
  1709 | D:4      | Reached XP level 5. HP: 41/52 MP: 4/4
  1737 | D:4      | Noticed Natasha
  1747 | D:4      | Killed Natasha
  1819 | D:4      | Reached skill level 4 in Dodging
  1838 | D:4      | Noticed an ogre
  1851 | D:4      | Killed an ogre
  1851 | D:4      | Reached XP level 6. HP: 59/61 MP: 5/5
  1986 | D:5      | Entered Level 5 of the Dungeon
  1986 | D:5      | Noticed Duvessa
  1986 | D:5      | Noticed Dowan
  1997 | D:5      | Killed Duvessa
  2002 | D:5      | Killed Dowan
  2003 | D:5      | HP: 3/61 [centaur (5)]
  2006 | D:5      | Slain by a centaur

Skill      XL: |  1  2  3  4  5  6 |
---------------+-------------------+-----
Dodging        | 3 4 |  4.6
Shields        | 3 |  3.8
Fighting       | 3 |  3.5
Unarmed Combat | 3 |  3.2
Stealth        | |  0.4

Action                   |  1- 3 |  4- 6 || total
-------------------------+-------+-------++-------
Melee: Unarmed           |    83 |    98 ||   181
  Use: Scroll            |     6 |     4 ||    10
       Potion            |     1 |     2 ||     3
  Eat: Fruit             |     3 |       ||     3
       Bread ration      |     1 |       ||     1
       Royal jelly       |     1 |       ||     1
       Meat ration       |     1 |       ||     1
       Chunk             |       |     3 ||     3
       Pizza             |       |     1 ||     1
Armor: Robe              |    21 |    30 ||    51
Dodge: Dodged            |    32 |    41 ||    73
Block: Shield            |    38 |    44 ||    82
